IL
GWINNETT STRIPERS @ INDIANAPOLIS INDIANS
06/29/2044
 
TOP OF THE 1ST
Gwinnett Stripers batting - Pitching for Indianapolis Indians : RHP Josh Hakes
Pitching: RHP Josh Hakes
Batting: LHB Marc Owen 0-0: Swinging Strike
0-1: Ball
1-1: Ball
2-1: Ball
3-1: Foul Ball, location: 2F
3-2: Foul Ball, location: 7LDF
3-2: Base on Balls
Batting: LHB Gabe Gorkowski 0-0: Swinging Strike
0-1: Ball
1-1: Foul Ball, location: 2F
1-2: SINGLE (Line Drive, 5D, EV 96.9 MPH)
Marc Owen to second
Batting: SHB Robby Cattin 0-0: Foul Ball, location: 7LSF
0-1: Called Strike
0-2: Ball
1-2: Foul Ball, location: 3DF
1-2: Foul Ball, location: 2F
1-2: Ball
2-2: Strikes out swinging
Batting: RHB Greg Gradert 0-0: Ball
1-0: Ball
2-0: Called Strike
2-1: Ball
3-1: Grounds into double play, 6-4-3 (Groundball, 6S, EV 91.3 MPH)
Top of the 1st over - 0 runs, 1 hit, 0 errors, 1 left on base; Gwinnett 0 - Indianapolis 0
BOTTOM OF THE 1ST
Indianapolis Indians batting - Pitching for Gwinnett Stripers : RHP Josh Ivens
Pitching: RHP Josh Ivens
Batting: RHB Andy Cunningham 0-0: Ground out 6-3 (Groundball, 6S, EV 87.5 MPH)
Batting: RHB Jeff Reeder 0-0: Ball
1-0: Reached on error, E5 (Groundball, 56S, EV 68.1 MPH)
Batting: RHB Mike Richardson 0-0: SINGLE (Line Drive, 7S, EV 94.4 MPH)
Jeff Reeder to second
Batting: RHB Zach Peterson 0-0: Called Strike
0-1: Ball
1-1: Ball
2-1: Foul Ball, location: 7LMF
2-2: Strikes out swinging
Batting: SHB Butch Bates 0-0: Foul Ball, location: 23F
0-1: Ball
1-1: Swinging Strike
1-2: Foul Ball, location: 7LSFF
1-2: Ground out 4-3 (Groundball, 4, EV 101.3 MPH)
Bottom of the 1st over - 0 runs, 1 hit, 1 error, 2 left on base; Gwinnett 0 - Indianapolis 0
TOP OF THE 2ND
Gwinnett Stripers batting - Pitching for Indianapolis Indians : RHP Josh Hakes
Batting: RHB Ricky Carreon 0-0: Foul Ball, location: 2F
0-1: SOLO HOME RUN (Flyball, 78XD, EV 106.9 MPH), Distance : 431 ft
Batting: RHB Joe Yadon 0-0: Ball
1-0: Foul Ball, location: 9LSF
1-1: Foul Ball, location: 9LSF
1-2: DOUBLE (Line Drive, 9LM, EV 102.5 MPH)
Batting: RHB Kun-woo Kim 0-0: Ground out 5-3 (Groundball, 56, EV 80.6 MPH)
Batting: RHB Omar Ramos 0-0: Called Strike
0-1: Ground out 6-3 (Groundball, 6, EV 86.3 MPH)
Batting: RHB Dave Rennick 0-0: Called Strike
0-1: Hit by Pitch
Batting: LHB Marc Owen 0-0: Ball
1-0: Foul Ball, location: 2F
1-1: Ground out 3-1 (Groundball, 34, EV 90.0 MPH)
Top of the 2nd over - 1 run, 2 hits, 0 errors, 2 left on base; Gwinnett 1 - Indianapolis 0
BOTTOM OF THE 2ND
Indianapolis Indians batting - Pitching for Gwinnett Stripers : RHP Josh Ivens
Batting: RHB T.J. Cecil 0-0: Ball
1-0: SOLO HOME RUN (Flyball, 78XD, EV 110.0 MPH), Distance : 429 ft
Batting: SHB Jose Paredes 0-0: Ball
1-0: Ball
2-0: Swinging Strike
2-1: Swinging Strike
2-2: Foul Ball, location: 3F
2-2: Strikes out looking
Batting: LHB Jim Unknown 0-0: Called Strike
0-1: SINGLE (Flyball, 8LS, EV 86.9 MPH)
Batting: RHB Jim Unknown 0-0: Called Strike
0-1: Ground out 4-3 (Groundball, 4M, EV 101.3 MPH)
Jim Unknown to second
Batting: RHB Andy Cunningham 0-0: Ball
1-0: Foul Ball, location: 5SF
1-1: Ball
2-1: Ball
3-1: Fly out, F8 (Flyball, 8RS, EV 79.4 MPH)
Bottom of the 2nd over - 1 run, 2 hits, 0 errors, 1 left on base; Gwinnett 1 - Indianapolis 1
TOP OF THE 3RD
Gwinnett Stripers batting - Pitching for Indianapolis Indians : RHP Josh Hakes
Batting: LHB Gabe Gorkowski 0-0: Called Strike
0-1: Swinging Strike
0-2: Ball
1-2: Ball
2-2: Ball
3-2: Base on Balls
Batting: SHB Robby Cattin 0-0: Swinging Strike
0-1: Swinging Strike
0-2: Strikes out swinging
Batting: RHB Greg Gradert 0-0: Ball
1-0: Foul Ball, location: 9LSF
1-1: Fielders Choice at 2nd, 5-4 (Groundball, 56, EV 106.9 MPH)
Batting: RHB Ricky Carreon 0-0: Ball
1-0: Called Strike
1-1: SINGLE (Groundball, 4MD, EV 106.3 MPH)
Greg Gradert to second
Runner from 2nd tries for 3rd, OUT after rundown.
Top of the 3rd over - 0 runs, 1 hit, 0 errors, 1 left on base; Gwinnett 1 - Indianapolis 1
BOTTOM OF THE 3RD
Indianapolis Indians batting - Pitching for Gwinnett Stripers : RHP Josh Ivens
Batting: RHB Jeff Reeder 0-0: Ball
1-0: Ball
2-0: Reached on error, E3 (Groundball, 3L, EV 81.3 MPH)
Batting: RHB Mike Richardson 0-0: Foul Ball, location: 7LSF
0-1: Swinging Strike
0-2: Fly out, F7 (Flyball, 7S, EV 84.4 MPH)
Batting: RHB Zach Peterson 0-0: Ball
1-0: Foul Ball, location: 5F
1-1: Foul Ball, location: 9LMF
1-2: Strikes out swinging
Batting: SHB Butch Bates 0-0: Called Strike
Jeff Reeder steals 2nd base
0-1: Ball
1-1: Ball
2-1: Ball
3-1: Ground out 1-3 (Groundball, 15S, EV 71.3 MPH)
Bottom of the 3rd over - 0 runs, 0 hits, 1 error, 1 left on base; Gwinnett 1 - Indianapolis 1
TOP OF THE 4TH
Gwinnett Stripers batting - Pitching for Indianapolis Indians : RHP Josh Hakes
Batting: RHB Joe Yadon 0-0: Ball
1-0: Fly out, F7 (Flyball, 7LM, EV 93.8 MPH)
Batting: RHB Kun-woo Kim 0-0: Fly out, F7 (Line Drive, 7S, EV 94.4 MPH)
Batting: RHB Omar Ramos 0-0: Called Strike
0-1: Called Strike
0-2: Ball
1-2: Ball
2-2: Foul Ball, location: 2F
2-2: Fly out, F6 (Line Drive, 6, EV 75.6 MPH)
Top of the 4th over - 0 runs, 0 hits, 0 errors, 0 left on base; Gwinnett 1 - Indianapolis 1
BOTTOM OF THE 4TH
Indianapolis Indians batting - Pitching for Gwinnett Stripers : RHP Josh Ivens
Batting: RHB T.J. Cecil 0-0: SINGLE (Line Drive, 56D, EV 102.5 MPH)
Batting: SHB Jose Paredes 0-0: Foul Ball, location: 2F
0-1: Ball
1-1: Swinging Strike
1-2: Ball
2-2: Foul Ball, location: 2F
2-2: Ball
3-2: Fielders Choice at 2nd, 6-4 (Groundball, 6M, EV 89.4 MPH)
Batting: LHB Jim Unknown 0-0: Ball
1-0: Swinging Strike
1-1: Ball
2-1: Bunted foul
2-2: Strikes out swinging
Batting: RHB Jim Unknown 0-0: Called Strike
Jose Paredes steals 2nd base
0-1: Ground out 6-3 (Groundball, 6, EV 109.4 MPH)
Bottom of the 4th over - 0 runs, 1 hit, 0 errors, 1 left on base; Gwinnett 1 - Indianapolis 1
TOP OF THE 5TH
Gwinnett Stripers batting - Pitching for Indianapolis Indians : RHP Josh Hakes
Batting: RHB Dave Rennick 0-0: Ball
1-0: Called Strike
1-1: Swinging Strike
1-2: Ground out 6-3 (Groundball, 6, EV 85.6 MPH)
Batting: LHB Marc Owen 0-0: Ground out 4-3 (Groundball, 34, EV 101.9 MPH)
Batting: LHB Gabe Gorkowski 0-0: Ball
1-0: Swinging Strike
1-1: Ball
2-1: Ball
3-1: Called Strike
3-2: Base on Balls
Batting: SHB Robby Cattin 0-0: Ball
1-0: Swinging Strike
1-1: Ball
2-1: Called Strike
2-2: Ball
3-2: Foul Ball, location: 2LF
3-2: Base on Balls
Gabe Gorkowski to second
Batting: RHB Greg Gradert 0-0: Called Strike
0-1: Called Strike
0-2: Foul Ball, location: 3FF
0-2: Foul Ball, location: 3F
0-2: Ball
1-2: Ball
2-2: Ball
3-2: Base on Balls
Gabe Gorkowski to third
Robby Cattin to second
Batting: RHB Ricky Carreon 0-0: Foul Ball, location: 9LDF
0-1: Swinging Strike
0-2: Ball
1-2: Ball
2-2: SINGLE (Line Drive, 4MD, EV 109.4 MPH)
Gabe Gorkowski scores
Robby Cattin to third
Greg Gradert to second
Runner from 3rd tries for Home, throw by CF and OUT! 8-2
Top of the 5th over - 1 run, 1 hit, 0 errors, 2 left on base; Gwinnett 2 - Indianapolis 1
BOTTOM OF THE 5TH
Indianapolis Indians batting - Pitching for Gwinnett Stripers : RHP Josh Ivens
Batting: RHB Andy Cunningham 0-0: Called Strike
0-1: Ball
1-1: Ball
2-1: Called Strike
2-2: Ball
3-2: Base on Balls
Batting: RHB Jeff Reeder 0-0: Ball
1-0: Called Strike
1-1: Called Strike
1-2: Ball
2-2: SINGLE (Groundball, 6M, EV 106.3 MPH) (infield hit)
Andy Cunningham to second
Batting: RHB Mike Richardson 0-0: Ball
1-0: Foul Ball, location: 2F
1-1: Called Strike
1-2: Ball
2-2: DOUBLE (Line Drive, 78M, EV 91.3 MPH)
Andy Cunningham scores
Jeff Reeder to third
Batting: RHB Zach Peterson 0-0: Fly out, F7 (Flyball, 7, EV 88.8 MPH)
Runner from 3rd tags up, SCORES, throw by LF
Batting: SHB Butch Bates 0-0: SINGLE (Line Drive, 89S, EV 101.9 MPH)
Mike Richardson to third
Runner from 3rd tries for Home, throw by RF and OUT! 9-2
Batting: RHB T.J. Cecil 0-0: Ball
1-0: Ball
2-0: Ball
3-0: Called Strike
3-1: Called Strike
3-2: Foul Ball, location: 2F
3-2: Base on Balls
Butch Bates to second
Batting: SHB Jose Paredes 0-0: Foul Ball, location: 7LSF
0-1: Foul Ball, location: 2F
0-2: Strikes out swinging
Bottom of the 5th over - 2 runs, 3 hits, 0 errors, 2 left on base; Gwinnett 2 - Indianapolis 3
TOP OF THE 6TH
Gwinnett Stripers batting - Pitching for Indianapolis Indians : RHP Josh Hakes
Batting: RHB Joe Yadon 0-0: Ball
1-0: Fly out, F6 (Line Drive, 6D, EV 71.9 MPH)
Batting: RHB Kun-woo Kim 0-0: Fly out, F7 (Flyball, 7LS, EV 98.1 MPH)
Batting: RHB Omar Ramos 0-0: Ball
1-0: Ball
2-0: Called Strike
2-1: SINGLE (Groundball, 34D, EV 98.8 MPH)
Batting: RHB Dave Rennick 0-0: Called Strike
0-1: Ball
1-1: Ball
2-1: Called Strike
2-2: Fly out, F4 (Popup, 4, EV 52.5 MPH)
Top of the 6th over - 0 runs, 1 hit, 0 errors, 1 left on base; Gwinnett 2 - Indianapolis 3
BOTTOM OF THE 6TH
Indianapolis Indians batting - Pitching for Gwinnett Stripers : RHP Josh Ivens
Batting: LHB Jim Unknown 0-0: Swinging Strike
0-1: Foul Ball, location: 7LDF
0-2: Ball
1-2: Ball
2-2: Foul Ball, location: 5F
2-2: Strikes out swinging
Batting: RHB Jim Unknown 0-0: Fly out, F6 (Popup, 6S, EV 59.4 MPH)
Batting: RHB Andy Cunningham 0-0: Ball
1-0: DOUBLE (Line Drive, 78M, EV 95.6 MPH)
Batting: RHB Jeff Reeder 0-0: DOUBLE (Flyball, 8LXD, EV 102.5 MPH)
Andy Cunningham scores
Batting: RHB Mike Richardson 0-0: Ball
1-0: TRIPLE (Flyball, 78XD, EV 110.0 MPH)
Jeff Reeder scores
Pitching: RHP Jim Truszkowski
Batting: RHB Zach Peterson 0-0: Called Strike
0-1: Swinging Strike
0-2: Fly out, F5 (Line Drive, 5L, EV 66.9 MPH)
Bottom of the 6th over - 2 runs, 3 hits, 0 errors, 1 left on base; Gwinnett 2 - Indianapolis 5
TOP OF THE 7TH
Gwinnett Stripers batting - Pitching for Indianapolis Indians : RHP Josh Hakes
Batting: LHB Marc Owen 0-0: Ball
1-0: SINGLE (Line Drive, 8RS, EV 99.4 MPH)
Batting: LHB Gabe Gorkowski 0-0: Ball
1-0: Ball
2-0: Called Strike
2-1: Foul Ball, location: 2RF
2-2: Strikes out looking
Batting: SHB Robby Cattin 0-0: Ball
1-0: Called Strike
Marc Owen steals 2nd base
1-1: Ball
2-1: Foul Ball, location: 2F
2-2: Ball
3-2: Strikes out looking
Batting: RHB Greg Gradert 0-0: Ball
1-0: Fly out, F9 (Flyball, 89M, EV 96.3 MPH)
Top of the 7th over - 0 runs, 1 hit, 0 errors, 1 left on base; Gwinnett 2 - Indianapolis 5
BOTTOM OF THE 7TH
Indianapolis Indians batting - Pitching for Gwinnett Stripers : RHP Jim Truszkowski
Batting: SHB Butch Bates 0-0: Ball
1-0: Ball
2-0: Fly out, F5 (Popup, 5SF, EV 65.0 MPH)
Batting: RHB T.J. Cecil 0-0: Ball
1-0: Ball
2-0: Swinging Strike
2-1: Ball
3-1: Called Strike
3-2: Fly out, F7 (Line Drive, 7, EV 91.3 MPH)
Batting: SHB Jose Paredes 0-0: Called Strike
0-1: SOLO HOME RUN (Flyball, 8RXD, EV 99.4 MPH), Distance : 418 ft
Batting: LHB Jim Unknown 0-0: SINGLE (Groundball, 34D, EV 95.6 MPH)
Batting: RHB Jim Unknown 0-0: Ball
1-0: Fly out, F2 (Popup, 13S, EV 90.6 MPH)
Bottom of the 7th over - 1 run, 2 hits, 0 errors, 1 left on base; Gwinnett 2 - Indianapolis 6
TOP OF THE 8TH
Gwinnett Stripers batting - Pitching for Indianapolis Indians : RHP Josh Hakes
Batting: RHB Ricky Carreon 0-0: Ball
1-0: Fly out, F8 (Line Drive, 8RM, EV 98.1 MPH)
Batting: RHB Joe Yadon 0-0: Called Strike
0-1: Ground out 6-3 (Groundball, 6, EV 90.6 MPH)
Batting: RHB Kun-woo Kim 0-0: Ball
1-0: Ball
2-0: Called Strike
2-1: Called Strike
2-2: Ball
3-2: Base on Balls
Batting: RHB Omar Ramos 0-0: Ground out 4-3 (Groundball, 4, EV 108.8 MPH)
Top of the 8th over - 0 runs, 0 hits, 0 errors, 1 left on base; Gwinnett 2 - Indianapolis 6
BOTTOM OF THE 8TH
Indianapolis Indians batting - Pitching for Gwinnett Stripers : RHP Jim Truszkowski
Batting: RHB Andy Cunningham 0-0: Ball
1-0: Fly out, F2 (Popup, 23F, EV 88.8 MPH)
Batting: RHB Jeff Reeder 0-0: Foul Ball, location: 2F
0-1: Swinging Strike
0-2: DOUBLE (Line Drive, 9LM, EV 110.6 MPH)
Batting: RHB Mike Richardson 0-0: Called Strike
0-1: Swinging Strike
0-2: Ball
1-2: Ball
2-2: Strikes out swinging
Batting: RHB Zach Peterson 0-0: Ball
1-0: Called Strike
1-1: SINGLE (Groundball, 56D, EV 103.8 MPH)
Jeff Reeder to third
Runner from 3rd tries for Home, SAFE, throw by LF to home
Batting: SHB Butch Bates 0-0: 2-RUN HOME RUN (Flyball, 9D, EV 92.5 MPH), Distance : 355 ft
Pinch Hitting: RHB Bobby Ramos 0-0: Called Strike
0-1: Ground out 4-3 (Groundball, 4, EV 83.8 MPH)
Bottom of the 8th over - 3 runs, 3 hits, 0 errors, 0 left on base; Gwinnett 2 - Indianapolis 9
TOP OF THE 9TH
Gwinnett Stripers batting - Pitching for Indianapolis Indians : RHP Josh Hakes
Now at 2B: Bobby Ramos
Batting: RHB Dave Rennick 0-0: Called Strike
0-1: Swinging Strike
0-2: Strikes out swinging
Pinch Hitting: RHB Mike Marales 0-0: Ball
1-0: Ball
2-0: Ball
3-0: Base on Balls
Batting: LHB Gabe Gorkowski 0-0: Fly out, F4 (Line Drive, 4M, EV 67.5 MPH)
Batting: SHB Robby Cattin 0-0: Ball
1-0: Called Strike
1-1: Foul Ball, location: 3FF
1-2: Fly out, F6 (Popup, 6MS, EV 58.1 MPH)
Top of the 9th over - 0 runs, 0 hits, 0 errors, 1 left on base; Gwinnett 2 - Indianapolis 9
Friday, June 6th , 2025 - OOTP Baseball 25.11 Build 104